 Dungeon Crawl Stone Soup version 0.23-a0-489-g205b0b6 (webtiles) character file.

188 MisterFreud the Sneak (level 5, -1/45 HPs)
             Began as a Naga Warper on Dec 2, 2018.
             Killed from afar by an orc wizard (3 damage)
             ... with a magic dart
             ... on level 3 of the Dungeon.
             The game lasted 00:06:40 (2356 turns).

MisterFreud the Sneak (Naga Warper)                 Turns: 2356, Time: 00:06:40

Health: -1/45      AC:  3    Str: 16    XL:     5   Next: 67%
Magic:  6/8        EV:  9    Int: 15    God:
Gold:   156        SH:  0    Dex: 10    Spells: 4/8 levels left

rFire    . . .     SeeInvis +   c - +1 dagger (venom)
rCold    . . .     Gourm    .   (no shield)
rNeg     . . .     Faith    .   b - +0 leather armour
rPois    +         Spirit   .   (no helmet)
rElec    .         Reflect  .   (no cloak)
rCorr    .         Harm     .   (no gloves)
MR       .....                  (no barding)
Stlth    +++.......             (no amulet)
HPRegen  0.15/turn              u - +3 ring of strength
MPRegen  0.11/turn              (no ring)

@: very slightly contaminated, invisible, very slow
A: large, see invisible, deformed body, poison resistance, slowness 2, slow
metabolism 1, spit poison 1, AC +1
a: Spit Poison


You were on level 3 of the Dungeon.
You were not hungry.

You visited 1 branch of the dungeon, and saw 3 of its levels.

You collected 156 gold pieces.

Inventory:

Hand Weapons
 a - a +0 falchion
 c - a +1 dagger of venom (weapon)
Missiles
 e - 5 tomahawks of dispersal (quivered)
 p - 19 sling bullets
 r - 89 stones
 t - 33 bolts
 v - 13 poisoned needles
Armour
 b - a +0 leather armour (worn)
Jewellery
 u - a +3 ring of strength (left hand)
Scrolls
 d - 2 scrolls of blinking
 g - 2 scrolls of immolation
 j - a scroll of remove curse {unknown}
 l - 3 scrolls of teleportation {unknown}
 m - a scroll of magic mapping {unknown}
 n - 3 scrolls of enchant armour {unknown}
 o - a scroll of fog {unknown}
 w - a scroll of fear {unknown}
 x - a scroll of enchant weapon {unknown}
Potions
 h - a potion of mutation
 i - a potion of agility
 k - a potion of brilliance
 s - a potion of cancellation
 z - a potion of heal wounds {unknown}
Comestibles
 f - 4 rations


   Skills:
 - Level 2.0 Fighting
 + Level 2.9 Long Blades
 - Level 0.8 Throwing
 - Level 0.7 Armour
 - Level 1.5 Dodging
 - Level 7.5 Stealth
 - Level 2.0 Spellcasting
 - Level 3.0 Translocations


You had 4 spell levels left.
You knew the following spells:

 Your Spells              Type           Power        Failure   Level  Hunger
a - Blink                 Tloc           N/A          12%         2    ###....
b - Shroud of Golubria    Chrm/Tloc      #.........   22%         2    ###....

Your spell library contained the following spells:

 Spells                   Type           Power        Failure   Level  Hunger
 Gell's Gravitas          Tloc           ##........   24%         3    ###....
 Lesser Beckoning         Tloc           ##........   24%         3    ###....
 Teleport Other           Tloc           ##......     24%         3    ###....
 Passage of Golubria      Tloc           N/A          61%         4    #####..


Dungeon Overview and Level Annotations

Branches:
Dungeon (3/15)

Altars:
Ru


Innate Abilities, Weirdness & Mutations

You cannot wear boots.
Your serpentine skin is tough. (AC +1)
You have supernaturally acute eyesight. (SInv)
Armour fits poorly on your strangely shaped body.
Your system is resistant to poisons. (rPois)
You cover ground very slowly.
You have a slow metabolism.
You can spit poison.


Message History

You fade into invisibility!
The orc wizard barely misses you.
You are very lightly contaminated with residual magic.
You strike the helpless orc wizard from behind!
You hit the orc wizard.
The orc wizard is lightly wounded.
You have got your breath back.
The orc wizard points at you and mumbles some strange words.
The magic dart hits you!
* * * LOW HITPOINT WARNING * * *
Wield which item (- for none, * to show all)? (? for menu, Esc to quit)
Your +1 dagger of venom begins to drip with poison!
c - a +1 dagger of venom (weapon)
The orc wizard misses you.
You hit the orc wizard but do no damage.
The orc wizard is poisoned.
The orc wizard is lightly wounded.
The orc wizard casts a spell at you. The magic dart hits you!
You die...

### ##.##
###..@###
#.....o.....#
...##...######
. ##)## #.# .#
#.# #.# ##'##
#.# ##...##
#.# ##.....##
####.#


You could see an orc wizard.

Vanquished Creatures
  An ogre (D:2)
  An orc priest (D:3)
  2 adders
  2 dart slugs (D:1)
  2 leopard geckos (D:2)
  2 orcs (D:3)
  A giant cockroach (D:2)
  4 goblins
  8 hobgoblins
  A quokka (D:2)
  8 bats
  4 frilled lizards
  6 kobolds
  A quokka zombie (D:3)
  9 rats
52 creatures vanquished.

Notes
Turn   | Place    | Note
-------+----------+-------------------------------------------
     0 | D:1      | MisterFreud the Naga Warper began the quest for the Orb.
     0 | D:1      | Reached XP level 1. HP: 19/19 MP: 3/3
    50 | D:1      | Reached skill level 1 in Stealth
   273 | D:1      | Reached skill level 2 in Stealth
   294 | D:1      | Reached XP level 2. HP: 24/26 MP: 5/5
   362 | D:1      | Reached skill level 3 in Stealth
   750 | D:1      | Reached skill level 4 in Stealth
  1008 | D:1      | Learned a level 2 spell: Blink
  1011 | D:1      | Learned a level 2 spell: Shroud of Golubria
  1035 | D:2      | Reached XP level 3. HP: 32/32 MP: 3/6
  1402 | D:2      | Reached skill level 5 in Stealth
  1604 | D:2      | Found a sacrificial altar of Ru.
  1609 | D:2      | Noticed an ogre
  1630 | D:2      | Killed an ogre
  1630 | D:2      | Reached skill level 7 in Stealth
  1630 | D:2      | Reached XP level 4. HP: 11/39 MP: 4/7
  1630 | D:2      | Reached XP level 5. HP: 12/45 MP: 4/8
  2354 | D:3      | HP: 2/45 [orc wizard/magic dart (8)]
  2356 | D:3      | Killed from afar by an orc wizard

Vault maps used:
D:1:      dpeg_arrival_boxes_within_box, minmay_tetromino_l2
D:2:      first_ration, nicolae_ru_awakened_eye

Skill      XL: |  1  2  3 |
---------------+----------+-----
Stealth        | 2 4 7 |  7.5
Fighting       | |  2.0
Long Blades    | |  2.9
Throwing       | |  0.8
Armour         | |  0.7
Dodging        | |  1.5
Spellcasting   | |  2.0
Translocations | |  3.0

Action                   |  1- 3 |  4- 6 || total
-------------------------+-------+-------++-------
Melee: Falchion          |    86 |    47 ||   133
       Dagger            |       |     1 ||     1
 Cast: Blink             |     3 |     1 ||     4
       Shroud of Golubri |       |     2 ||     2
 Abil: Spit Poison       |    24 |    10 ||    34
  Use: Scroll            |     3 |     2 ||     5
       Potion            |     1 |     1 ||     2
 Stab: Sleeping          |     2 |     4 ||     6
       Invisible         |       |     1 ||     1
  Eat: Chunk             |     3 |     3 ||     6
Armor: Leather armour    |    21 |    30 ||    51
Dodge: Dodged            |    51 |    23 ||    74
       Rpst.: Falchion   |    19 |     5 ||    24

Table legend:
 A = Non-vault XP
 B = Vault XP
 C = Vault XP percentage of total XP
 D = Non-vault monster count
 E = Vault monster count
 F = Vault count percentage of total count
                 A         B        C        D         E       F
            +---------+---------+-------+---------+---------+-------
      Total |     267 |       2 |   0.7 |      50 |       2 |   3.8
            +---------+---------+-------+---------+---------+-------
        D:1 |      31 |       2 |   6.1 |      17 |       2 |  10.5
        D:2 |     166 |       0 |   0.0 |      22 |       0 |   0.0
        D:3 |      70 |       0 |   0.0 |      11 |       0 |   0.0
            +---------+---------+-------+---------+---------+-------
